Unix xNetHack Version 7.1.0 - last build Jul 4 2022 02:09:00 (ec8469f2eb63cac24863ec985b09651f3a72bf9f). Game began 2022-07-08 05:12:21, ended 2022-07-08 05:14:47. Raisse, neutral female gnomish Wizard ------- ---.--..--- ----...^.....| -.h...G......-- --- |. ------......| --..| | ---...-- |...| --...| |..-- |....---- --.-- |-......| --..| |.......-- ----..---- --.---...----.....--.---- -- --- ---................| ... -----.......|..........- ---..........<|.......---- -...................--- |............------..| |.........*.... -..| |......---....... ...| |...*.- ---.........| ------ --.|.--.--- ------- Raisse the Conjurer St:7 Dx:17 Co:13 In:15 Wi:12 Ch:11 Neutral Dlvl:4 $:0 HP:0(20) Pw:31(31) AC:9 Xp:3/58 T:544 Latest messages: You kill the red mold! You see here a red mold corpse. There is a red mold corpse here; eat it? [ynq] (n) y Blecch! Rotten food! Everything suddenly goes dark. You can see again. Where do you want to travel to? (For instructions type a '?') The gnome lord falls into a pit! The gnome lord climbs out of the pit. You descend the stairs. In what direction? h The spell hits the floating eye! You kill the floating eye! Welcome to experience level 3. v - a scroll labeled ELAM EBOW {5}. In what direction? l The spell hits the orc zombie! You destroy the orc zombie! You swap places with the peaceful gnome. You miss the iguana. The iguana bites! You miss the iguana. The iguana bites! You impale the iguana. The iguana bites! You miss the iguana. The iguana bites! You gore the iguana. The iguana bites! You kill the iguana! You see here an iguana corpse. There is an iguana corpse here; eat it? [ynq] (n) y This iguana corpse tastes okay. You finish eating the iguana corpse. The gecko bites! In what direction? y The spell hits the gecko! You kill the gecko! You see here a gecko corpse. There is a gecko corpse here; eat it? [ynq] (n) y This gecko corpse tastes okay. You finish eating the gecko corpse. A dart shoots out at you! You are hit by a dart. The hobbit shoots a gray stone! You are hit by a gray stone. You die... Do you want your possessions identified? [ynq] (y) y Do you want to see your attributes? [ynq] (y) q Major events: Turn 1: Raisse the neutral female gnomish Wizard entered the dungeon 94: entered the Gnomish Mines 477: attained the rank of Conjurer (level 3) 544: killed by a flint stone Inventory: Inventory: 404/550 weight (20/52 slots) Weapons a - an uncursed +0 mithril dagger (weapon in hand) {6} l - an uncursed +0 bone axe {18} q - a blessed +1 quarterstaff (alternate weapon; not wielded) {40} u - a cursed -3 wooden elven dagger {3} Armor h - an uncursed +0 pair of dwarvish boots {50} C - an uncursed +0 cloak of magic resistance (being worn) {8} Comestibles i - an uncursed melon {5} k - an uncursed food ration {20} m - 2 uncursed lichen corpses {40} o - an uncursed lichen corpse {20} s - an uncursed banana {2} Scrolls p - an uncursed scroll of remove curse {5} r - an uncursed scroll of teleportation {5} v - an uncursed scroll of water {5} Spellbooks c - a blessed spellbook of force bolt {35} d - a blessed spellbook of magic missile {40} e - an uncursed spellbook of slow monster {35} f - an uncursed spellbook of detect monsters {45} Wands g - an uncursed wand of speed monster (0:5) {7} Tools x - an empty uncursed bag of holding {15} Raisse the Wizard's attributes: Background: You were a Conjurer, a level 3 female gnomish Wizard. You were neutral, on a mission for Thoth who was opposed by Ptah (lawful) and Anhur (chaotic). You were bisexual. You were in the Gnomish Mines, on level 4. You entered the dungeon 544 turns ago. It was nighttime. You had 58 experience points, 22 more were needed to attain level 4. Basics: You had 0 out of 20 hit points. You had all 31 energy points (spell power). Your armor class was 9. Your wallet was empty. Autopickup was on for '$!?/"=+' plus thrown, with exceptions. Final Characteristics: Your strength was 7 (limit:18/50). Your dexterity was 17 (limit:18). Your constitution was 13 (limit:18). Your intelligence was 15 (limit:19). Your wisdom was 12 (limit:18). Your charisma was 11 (limit:18). Final Status: You were not hungry. You were unencumbered. You were wielding a dagger. You were unskilled in dagger. Final Attributes: You were fervently aligned. You were magic-protected. You had infravision. You were warded. You are dead. Miscellaneous: You never encountered a bones level. Total elapsed playing time was 2 minutes and 26 seconds. Vanquished creatures: a floating eye 2 dwarves an orc zombie an iguana 2 hobbits a red mold a gnome 2 geckos 2 jackals 3 grid bugs 3 lichens 3 newts 22 creatures vanquished. No species were genocided or became extinct. Voluntary challenges: You were an atheist. You read items or engraved 2 times. You never genocided any monsters. You never polymorphed an object. You never changed form. You never touched an artifact. You used no wishes. You never scared an enemy with impunity. You were celibate. You never generated conflict. Achievements: You entered the Gnomish Mines. You attained the rank of Conjurer. The Dungeons of Doom: levels 1 to 2 Level 1: Level 2: Stairs down to The Gnomish Mines. The Gnomish Mines: levels 3 to 4 Level 3: Level 4: <- You were here. Final resting place for you, killed by a flint stone. Game over: __________ / \ / REST \ / IN \ / PEACE \ / \ | Raisse | | 0 Au | | killed by a | | flint stone | | | | | | 2022 | *| * * * | * _________)/\\_//(\/(/\)/\//\/|_)_______ Goodbye Raisse the Wizard... You died in The Gnomish Mines on dungeon level 4 with 392 points, and 0 pieces of gold, after 544 moves. You were level 3 with a maximum of 20 hit points when you died.